 Dungeon Crawl Stone Soup version 0.31-a0-431-g88bdf31460 (webtiles) character file.

Game seed: 7752279971043758900

67 Gelion the Changeling (level 4, -2/29 HPs)
             Began as an Octopode Shapeshifter on July 31, 2023.
             Slain by an ogre
             ... wielding a +0 giant club
              (26 damage)
             ... on level 3 of the Dungeon.
             The game lasted 00:03:20 (1793 turns).

Gelion the Changeling (Octopode Shapeshifter)       Turns: 1793, Time: 00:03:21

Health: -2/29      AC:  1    Str: 14    XL:     4   Next: 16%
Magic:  4/4        EV: 13    Int: 10    God:
Gold:   152        SH:  0    Dex: 14    Spells: 3/3 levels left

rFire   . .          .
                       - Unarmed
rCold   . . .        (no shield)
rNeg    . . .        (helmet currently unavailable)
rPois   .            (no amulet)
rElec   .            (no ring)
rCorr   .            (no ring)
SInv    .            (no ring)
Will    .....        (no ring)
Stlth   ++           (no ring)
HPRegen 0.24/turn    (no ring)
MPRegen 0.09/turn    (no ring)
                     (no ring)

%: no passive effects
@: beast-form
A: beast (slay +2), almost no armour, amphibious, 8 rings, camouflage 1,
gelatinous body 1, (nimble swimmer 1), tentacles
a: Begin Untransformation


You were on level 3 of the Dungeon.
You were a hulking beast.
You visited 1 branch of the dungeon, and saw 3 of its levels.

You collected 152 gold pieces.

Inventory:

Talismans
 b - a beast talisman (active)
 e - a maw talisman
Scrolls
 g - a scroll of fog
 i - a scroll of teleportation
Potions
 a - a potion of lignification
 c - a potion of haste {unknown}
 d - a potion of mutation {unknown}
 j - a potion of cancellation {unknown}
 k - a potion of curing {unknown}
 l - a potion of berserk rage {unknown}


   Skills:
 + Level 2.0 Fighting
 - Level 2.0 Dodging
 + Level 3.5 Unarmed Combat
 * Level 3.8 Shapeshifting


You had 3 spell levels left.
You didn't know any spells.
Your spell library was empty.

Dungeon Overview and Level Annotations

Branches:
Dungeon (3/15)

Altars:
Cheibriados
Dithmenos


Innate Abilities, Weirdness & Mutations

You are a hulking beast.
Your limbs bulge with bestial killing power. (Slay +2)
You cannot wear most types of armour.
You are amphibious.
You can wear up to eight rings at the same time.
Your skin changes colour to match your surroundings (Stealth+).
Your rubbery body absorbs attacks. (AC +1, EV +1)
((You are camouflaged when in or above water. (Stealth+)))
You have tentacles for arms and can constrict up to eight enemies at once.


Message History

Found a snail-covered altar of Cheibriados and a shadowy altar of Dithmenos.
There is an open door here.
There is an open door here.
You open the door.
A giant cockroach comes into view.
There is an open door here.
You tentacle-slap the giant cockroach.
You kill the giant cockroach!
No target in view!
No target in view!
You see here a giant cockroach corpse.
You open the door.
An endoplasm comes into view.
There is an open door here.
The helpless endoplasm fails to defend itself.
You tentacle-slap the endoplasm. You squeeze the endoplasm.
You kill the endoplasm!
A frilled lizard comes into view.
The frilled lizard hisses angrily.
The frilled lizard bites you.
You closely miss the frilled lizard. You grab the frilled lizard.
You constrict the frilled lizard.
You kill the frilled lizard!
No target in view!
HP restored.
You open the door.
An ogre comes into view. It is wielding a +0 giant club.
There is an open door here.
The ogre misses you.
You tentacle-slap the ogre.
The ogre is lightly wounded.
You tentacle-slap the ogre.
The ogre is moderately wounded.
The ogre hits you with a +0 giant club.
You tentacle-slap the ogre but do no damage.
Your squeeze misses the ogre.
The ogre is moderately wounded.
The ogre hits you with a +0 giant club!!
Ouch! That really hurt!
You die...

##### #...# #...# #...#
##########...#######
....................
######.##'#'##......
#.#.......######
..#....#h.......
##########....#O.#####.
#.............##.#
#.############.... ##.#
....# .#.# ....# ...#
...# ...# ... ...#


You could see an ogre.

Vanquished Creatures
  2 dart slugs (D:1)
  5 ball pythons
  7 endoplasms
  2 giant cockroaches
  4 goblins
  8 hobgoblins
  4 jackals (D:2)
  3 quokkas
  3 bats
  4 frilled lizards
  10 kobolds
  A rat (D:2)
53 creatures vanquished.

Notes
Turn   | Place    | Note
-------+----------+-------------------------------------------
     0 | D:1      | Gelion the Octopode Shapeshifter began the quest for the
                  | Orb.
     0 | D:1      | Reached XP level 1. HP: 13/13 MP: 1/1
   379 | D:1      | Reached XP level 2. HP: 15/18 MP: 2/2
   698 | D:1      | Reached XP level 3. HP: 9/23 MP: 3/3
  1491 | D:2      | Reached XP level 4. HP: 20/29 MP: 4/4
  1705 | D:3      | Found a snail-covered altar of Cheibriados.
  1705 | D:3      | Found a shadowy altar of Dithmenos.
  1787 | D:3      | Noticed an ogre
  1793 | D:3      | Slain by an ogre

Illustrated notes

Levels and vault maps discovered:
D:1:      minmay_arrival_stair_chambers, layout_loops_corners,
          nicolae_twisty_statue_hallways
D:2:      wander_river, layout_basic
D:3:      layout_basic, gammafunk_temple_overflow_elements, serial_shops,
          nicolae_shop_tiny_statue_garden

Skill      XL: |  1  2  3  4 |
---------------+-------------+-----
Fighting       | 2 |  2.0
Dodging        | |  2.0
Unarmed Combat | |  3.5
Shapeshifting  | |  3.8

Action                     |  1- 3 |  4- 6 || total
---------------------------+-------+-------++-------
  Melee: Unarmed           |    80 |    16 ||    96
         Constrict         |    17 |     2 ||    19
         Tentacles         |     8 |     3 ||    11
         Punch             |     1 |       ||     1
    Use: Scroll            |     2 |     4 ||     6
   Stab: Sleeping          |    18 |     3 ||    21
 Armour: Skin              |     4 |       ||     4
  Dodge: Dodged            |    31 |     7 ||    38

Table legend: (Time is in decaauts)
 A = Elapsed time spent in this place.
 B = Non-inter-level travel time spent in this place.
 C = Inter-level travel time spent in this place.
 D = Time resting spent in this place.
 E = Time spent auto-exploring this place.
 F = Levels seen in this place.
 G = Mean time per level.
                   A        B        C        D        E       F      G
               +--------+--------+--------+--------+--------+-----+--------+
         Total |   1786 |   1712 |     74 |      0 |   1410 |   3 |  595.3 |
       Dungeon |   1786 |   1712 |     74 |      0 |   1410 |   3 |  595.3 |
               +--------+--------+--------+--------+--------+-----+--------+

Top non-repeatable levels by time:
     D:1: 1069 daAuts
     D:2: 561 daAuts
     D:3: 155 daAuts
